 Dungeon Crawl Stone Soup version 0.16.1-28-gcc2312f (console) character file.

641 Kite the Basher (level 7, 0/41 HPs)
             Began as a Gargoyle Berserker on June 4, 2015.
             Was a Believer of Trog.
             Slain by a wight
             ... wielding a +0 battleaxe
              (9 damage)
             ... while paralysed
             ... on level 5 of the Dungeon.
             The game lasted 00:12:02 (4923 turns).

Kite the Basher (Gargoyle Berserker)                Turns: 4923, Time: 00:12:02

Health: 0/41       AC:  7    Str: 21    XL:     7   Next: 51%
Magic:  7/7        EV:  2    Int:  7    God:    Trog [**....]
Gold:   335        SH:  0    Dex: 11    Spells: 0 memorised, 6 levels left

rFire  + . .     SeeInvis .     a - +0 mace
rCold  x . .     Clarity  .     d - -2 robe (curse)
rNeg   + . .     SustAb   +     q - +0 shield
rPois  ∞         Gourm    .     (no helmet)
rElec  +         Spirit   .     s - +0 cloak
rCorr  .         Warding  .     l - +0 pair of gloves
rMut   .         Stasis   .     (no boots)
MR     ++...                    (no amulet)
Stlth  +.........               v - ring of fire
                                k - ring of sustain abilities

@: paralysed, exhausted, regenerating, slowed, very resistant to hostile
enchantments, very unstealthy
A: negative energy resistance 1, electricity resistance, unbreathing,
petrification resistance, rot immunity, AC +4
a: Burn Spellbooks, Berserk, Trog's Hand, Renounce Religion


You were on level 5 of the Dungeon.
You worshipped Trog.
Trog was pleased with you.
You were very hungry.

You visited 1 branch of the dungeon, and saw 5 of its levels.

You collected 335 gold pieces.

Inventory:

Hand weapons
 a - a +0 mace (weapon)
 t - a cursed +0 hammer
Armour
 b - a +0 animal skin
 d - a cursed -2 robe (worn)
 l - a +0 pair of gloves (worn)
 m - a +0 ring mail
 q - a +0 shield (worn)
 s - a +0 cloak (worn)
Jewellery
 k - a ring of sustain abilities (left hand)
 p - an uncursed ring of teleportation
 v - a ring of fire (right hand)
Magical devices
 u - a wand of lightning (0)
Scrolls
 f - a scroll of magic mapping
 h - a scroll of enchant armour {unknown}
 i - 3 scrolls of identify
 w - a scroll of fear {unknown}
 x - 2 scrolls of enchant weapon {unknown}
Potions
 e - a potion of agility
 g - 3 potions of heal wounds {unknown}
 j - 2 potions of lignification {unknown}
 n - a potion of mutation {unknown}
 r - a potion of poison {unknown}
 z - 2 potions of curing {unknown}
Books
 y - a book of the Dragon

   Spells                             Type                      Level
   a - Flight                         Charms/Air                   3
   b - Cause Fear                     Hexes                        4
   c - Bolt of Fire                   Conjuration/Fire             6
   d - Dragon Form                    Transmutation                7
   e - Dragon's Call                  Summoning                    9
   Trog disapproves of the use of such an item.
Comestibles
 c - 5 bread rations


   Skills:
 - Level 3.2 Fighting
 + Level 8.5 Maces & Flails
 - Level 2.1 Armour
 - Level 1.5 Dodging


You had 6 spell levels left.
You didn't know any spells.

Dungeon Overview and Level Annotations

Branches:
Dungeon (5/15)             Temple (0/1) D:5

Altars:
Ashenzari
Cheibriados
Fedhas
Gozag
Nemelex Xobeh
Qazlal
Zin

Annotations:
D:5 comborobin's ghost, experienced FoHu


Innate Abilities, Weirdness & Mutations

You are resistant to torment.
You are immune to poison.
Your stone body is very resilient (AC +4).
You resist negative energy.
You are resistant to electric shocks.
You can survive without breathing.
You are immune to petrification.
You are immune to rotting.


Message History

The wight hits you with a flail. The wight barely misses you.
You hit the wight but do no damage.
The wight is lightly damaged.
You block the wight's attack. x2
The wight hits you with a flail.
You sock the wight!
You destroy the wight!
You completely miss the wight.
You are no longer berserk.
You pass out from exhaustion.
You feel yourself slow down.
You are feeling very hungry.
The wight hits you with a battleaxe! The wight hits you but does no damage.
You feel the effects of Trog's Hand fading.
The wight hits you with a flail. The wight hits you but does no damage.
The wight hits you with a flail. The wight hits you with a battleaxe.
A wight comes into view. It is wielding a mace.
The wight hits you with a flail!
* * * LOW HITPOINT WARNING * * *
The wight hits you with a battleaxe!
You die...

··▒······▒ ··'······▒
··▒▒'▒▒▒▒▒ ·········▒
·········▒
·········▒▒▒▒▒▒▒▒▒▒
·········▒_······_▒
········▒▒········▒▒
········▒···▒)·▒@··▒
·······▒▒······zz··▒▒
·······▒···▒····▒%··▒
······▒▒············▒▒
······▒_··▒······▒··_▒
······▒▒············▒▒
·······▒···▒···z▒···▒
·······▒▒··········▒▒
········▒···▒··▒···▒


You could see 3 wights.

Vanquished Creatures
  Menkaure (D:4)
  An ogre (D:4)
  2 wights (D:5)
  2 crimson imps (D:5)
  A hound (D:5)
  Crazy Yiuf (D:2)
  An orc priest (D:5)
  3 worker ants
  A gnoll (D:2)
  2 adders
  3 worms
  4 giant geckos
  4 orcs
  2 ball pythons
  5 bats
  A bat skeleton (D:5)
  2 giant cockroaches
  7 hobgoblins
  3 jackals
  7 kobolds
  3 quokkas
  3 giant newts
  5 goblins
  A jackal zombie (D:5)
  6 rats
71 creatures vanquished.

Notes
Turn   | Place    | Note
--------------------------------------------------------------
     0 | D:1      | Kite, the Gargoyle Berserker, began the quest for the Orb.
     0 | D:1      | Reached XP level 1. HP: 14/14 MP: 1/1
   294 | D:1      | Reached XP level 2. HP: 19/19 MP: 2/2
  1290 | D:2      | Reached skill level 4 in Maces & Flails
  1567 | D:2      | Reached XP level 3. HP: 18/23 MP: 3/3
  1715 | D:2      | Acquired Trog's second power
  2358 | D:2      | Noticed Crazy Yiuf
  2362 | D:2      | Killed Crazy Yiuf
  2362 | D:2      | Reached skill level 5 in Maces & Flails
  2362 | D:2      | Reached XP level 4. HP: 28/28 MP: 4/4
  3322 | D:4      | Noticed Menkaure
  3334 | D:4      | Killed Menkaure
  3334 | D:4      | Reached skill level 6 in Maces & Flails
  3334 | D:4      | Reached XP level 5. HP: 32/32 MP: 5/5
  3479 | D:4      | Reached XP level 6. HP: 32/37 MP: 6/6
  3498 | D:4      | Found a sparkling altar of Nemelex Xobeh.
  4058 | D:4      | Noticed an ogre
  4063 | D:4      | Killed an ogre
  4063 | D:4      | Reached skill level 7 in Maces & Flails
  4491 | D:5      | Entered Level 5 of the Dungeon
  4560 | D:5      | Found a staircase to the Ecumenical Temple.
  4610 | D:5      | Reached XP level 7. HP: 29/41 MP: 7/7
  4666 | D:5      | Noticed comborobin's ghost (experienced FoHu)
  4783 | D:5      | Found a blossoming altar of Fedhas.
  4783 | D:5      | Found an opulent altar of Gozag.
  4785 | D:5      | Found a stormy altar of Qazlal.
  4789 | D:5      | Found a snail-covered altar of Cheibriados.
  4793 | D:5      | Found a glowing silver altar of Zin.
  4796 | D:5      | Found a shattered altar of Ashenzari.
  4845 | D:5      | Reached skill level 8 in Maces & Flails
  4923 | D:5      | Slain by a wight

Action                   |  1- 3 |  4- 6 |  7- 9 || total
-------------------------+-------+-------+-------++-------
Melee: Mace              |   116 |   178 |    53 ||   347
Invok: Trog's Hand       |     1 |     4 |     1 ||     6
       Berserk           |       |     3 |     1 ||     4
       Burn Spellbooks   |       |     1 |       ||     1
Evoke: Wand              |       |       |     1 ||     1
  Use: Scroll            |       |     7 |       ||     7
  Eat: Chunk             |     4 |     4 |       ||     8
       Fruit             |       |     3 |       ||     3
       Meat ration       |       |     1 |       ||     1
       Pizza             |       |       |     1 ||     1
